 Dungeon Crawl Stone Soup version 0.21.1-1-g345015fe64 (webtiles) character file.

1169 rifis the Chopper (level 8, -3/69 HPs)
             Began as a Hill Orc Monk on June 4, 2018.
             Slain by an iguana (7 damage)
             ... on level 7 of the Dungeon.
             The game lasted 01:05:57 (6392 turns).

rifis the Chopper (Hill Orc Monk)                   Turns: 6392, Time: 01:05:58

Health: -3/69      AC:  9    Str: 16    XL:     8   Next: 40%
Magic:  8/8        EV:  3    Int: 12    God:
Gold:   387        SH: 13    Dex: 13    Spells: 3/7 levels left

rFire    . . .     SeeInvis .   y - +1 war axe
rCold    . . .     Gourm    .   r - +0 large shield
rNeg     . . .     Faith    .   H - +0 chain mail
rPois    .         Spirit   .   (no helmet)
rElec    .         Reflect  .   (no cloak)
rCorr    .         Harm     .   (no gloves)
MR       +....                  (no boots)
Stlth    ..........             h - amulet of rage
HPRegen  0.21/turn              d - ring of protection from magic
MPRegen  0.11/turn              R - +2 ring of intelligence

@: lethally poisoned (-3 -> -4)
A: no striking features
a: Evoke Berserk Rage


You were on level 7 of the Dungeon.
You were very full.

You visited 1 branch of the dungeon, and saw 7 of its levels.

You collected 387 gold pieces.

Inventory:

Hand Weapons
 a - a +0 mace
 u - a +0 whip
 y - a +1 war axe (weapon)
 D - a +0 falchion
 F - a +0 spear
 G - a +0 hunting sling
 K - a +0 flail
 L - a cursed -2 dagger
 P - a +0 spear
 U - a +0 giant spiked club
Missiles
 e - 18 tomahawks (quivered)
 k - 24 bolts
 p - 78 sling bullets
 t - 206 stones
 E - 140 arrows
Armour
 b - a +0 robe
 f - a +0 leather armour
 i - a +0 scale mail
 l - a +0 naga barding
 n - a +0 chain mail
 o - a +0 ring mail
 r - a +0 large shield (worn)
 s - a +0 leather armour
 C - a +0 robe
 H - a +0 chain mail (worn)
 I - a +0 chain mail
Jewellery
 d - a ring of protection from magic (left hand)
 h - an amulet of rage (around neck)
 R - a +2 ring of intelligence (right hand)
 S - a cursed ring of teleportation {unknown}
 T - a cursed -3 ring of intelligence
 W - an uncursed ring of protection from cold {unknown}
 Y - a +4 ring of slaying {unknown}
 Z - a cursed -3 ring of intelligence
Wands
 z - a wand of disintegration (3)
Scrolls
 g - 4 scrolls of fear
 j - 8 scrolls of identify
 M - 3 scrolls of remove curse
 X - a scroll of teleportation
Potions
 q - a potion of lignification {unknown}
 v - a potion of heal wounds {unknown}
 w - a potion of degeneration {unknown}
 x - 7 potions of haste
 A - 3 potions of curing {unknown}
 J - a potion of agility {unknown}
 N - 2 potions of flight {unknown}
 O - a potion of might {unknown}
 Q - 2 potions of mutation {unknown}
Books
 m - a book of Changes

   Spells                             Type                      Level
   a - Beastly Appendage              Transmutation                1
   b - Sticks to Snakes               Transmutation                2
   c - Spider Form                    Transmutation/Poison         3
   d - Ice Form                       Ice/Transmutation            4
   e - Blade Hands                    Transmutation                5
 V - a book of Callings

   Spells                             Type                      Level
   a - Summon Small Mammal            Summoning                    1
   b - Call Imp                       Summoning                    2
   c - Call Canine Familiar           Summoning                    3
   d - Summon Guardian Golem          Hexes/Summoning              3
   e - Summon Lightning Spire         Summoning/Air                4
   f - Summon Ice Beast               Ice/Summoning                4
Comestibles
 c - 8 rations


   Skills:
 + Level 5.4 Fighting
 + Level 0.1 Short Blades
 + Level 7.5(8.1) Axes
 + Level 3.8(5.5) Maces & Flails
 + Level 1.7 Throwing
 + Level 4.7 Armour
 + Level 3.0 Dodging
 + Level 1.9 Stealth
 + Level 3.4 Shields


You had 3 spell levels left.
You knew the following spells:

 Your Spells              Type           Power        Failure   Level  Hunger
a - Summon Ice Beast      Ice/Summ       #.......     100%        4    #####..


Dungeon Overview and Level Annotations

Branches:
Dungeon (7/15)             Temple (0/1) D:4

Altars:
Cheibriados
Dithmenos
Nemelex Xobeh
Trog
Uskayaw

Shops:
D:4 [


Message History

You feel sick. You block the iguana's attack.
You hit the iguana.
The iguana is lightly wounded.
You feel sick.
The iguana bites you but does no damage.
You block the iguana's attack.
Your chain mail prevents you from hitting the iguana.
The iguana is lightly wounded.
You feel sick. You block the iguana's attack.
Your shield prevents you from hitting the iguana.
The iguana is lightly wounded.
The iguana bites you.
* * * LOW HITPOINT WARNING * * *
Evoke which item? (* to show all) (? for menu, Esc to quit)
Aiming: Disintegrate
Press: ? - help, Shift-Dir - straight line, f - iguana
Aim: an iguana (lightly wounded, chance to defeat MR: 73%)
The iguana struggles to resist.
You feel sick. The iguana bites you!
You die...

########%.
........
.......
.....## ...%..
).).####
#)#.##<#
#l#.##.#
#######@#.##.#
..........##.#
#######...##.#
#...##.#
#......#
#..###.# #..#
### #... #.##


You could see an iguana.

Vanquished Creatures
  Duvessa (D:7)
  A sky beast (D:3)
  A phantom (D:5)
  A necrophage (D:5)
  An ogre (D:6)
  Dowan (D:7)
  2 crimson imps (D:6)
  3 orc priests
  3 hounds
  3 orc wizards
  A bullfrog skeleton (D:5)
  Jessica (D:3)
  2 worker ants
  A hound zombie (D:6)
  A hound skeleton (D:7)
  4 adders
  A shadow imp (D:6)
  An ooze (D:3)
  An adder zombie (D:2)
  4 adder skeletons
  A worm (D:3)
  A dart slug (D:1)
  3 leopard geckos
  35 orcs
  2 bat zombies (D:2)
  2 giant cockroaches
  9 goblins
  7 hobgoblins
  6 jackals
  6 kobolds
  A quokka (D:6)
  A ball python (D:4)
  A ball python skeleton (D:2)
  4 bats
  4 frilled lizards
  3 jackal zombies
  A leopard gecko zombie (D:2)
  7 rats
  A bush (D:2)
  2 plants (D:2)
  A withered plant (D:2)
132 creatures vanquished.

Notes
Turn   | Place    | Note
-------+----------+-------------------------------------------
     0 | D:1      | rifis the Hill Orc Monk began the quest for the Orb.
     0 | D:1      | Reached XP level 1. HP: 19/19 MP: 1/1
   232 | D:1      | Reached XP level 2. HP: 27/27 MP: 2/2
   852 | D:2      | Found a snail-covered altar of Cheibriados.
   936 | D:2      | Reached XP level 3. HP: 32/33 MP: 3/3
  1622 | D:2      | Found a shadowy altar of Dithmenos.
  1623 | D:2      | Found a hide-covered altar of Uskayaw.
  1683 | D:2      | Found a bloodstained altar of Trog.
  1992 | D:3      | Reached skill level 1 in Axes
  1992 | D:3      | Reached XP level 4. HP: 30/40 MP: 4/4
  2000 | D:3      | Reached skill level 1 in Armour
  2234 | D:3      | Reached skill level 1 in Throwing
  2240 | D:3      | Noticed a big kobold
  2407 | D:3      | Reached XP level 5. HP: 27/47 MP: 5/5
  2845 | D:3      | Noticed Jessica
  2850 | D:3      | Killed Jessica
  2850 | D:3      | Reached skill level 2 in Axes
  2918 | D:3      | Reached skill level 3 in Axes
  3224 | D:3      | Noticed a sky beast
  3248 | D:3      | Killed a sky beast
  3248 | D:3      | Reached skill level 4 in Axes
  3248 | D:3      | Reached XP level 6. HP: 9/53 MP: 6/6
  3639 | D:4      | Found Perof's Armour Shop.
  3664 | D:4      | Reached skill level 5 in Axes
  3685 | D:4      | Found a staircase to the Ecumenical Temple.
  3757 | D:4      | Found a sparkling altar of Nemelex Xobeh.
  4239 | D:4      | Found a sparkling altar of Nemelex Xobeh.
  4548 | D:5      | Entered Level 5 of the Dungeon
  4552 | D:5      | Noticed a necrophage
  4559 | D:5      | Noticed a phantom
  4563 | D:5      | Killed a necrophage
  4563 | D:5      | Reached skill level 5 in Fighting
  4563 | D:5      | Reached skill level 6 in Axes
  4563 | D:5      | Reached XP level 7. HP: 43/61 MP: 7/7
  5098 | D:5      | Reached skill level 1 in Shields
  5762 | D:6      | Reached XP level 8. HP: 62/68 MP: 8/8
  5862 | D:6      | Learned a level 4 spell: Summon Ice Beast
  5881 | D:6      | Reached skill level 7 in Axes
  6352 | D:7      | Noticed Dowan
  6353 | D:7      | Noticed Duvessa
  6366 | D:7      | Killed Duvessa
  6382 | D:7      | Killed Dowan
  6392 | D:7      | Slain by an iguana

Skill      XL: |  1  2  3  4  5  6  7  8 |
---------------+-------------------------+-----
Fighting       | 4 5 |  5.4
Axes           | 1 4 6 7 |  7.5
Armour         | 1 2 3 4 |  4.7
Throwing       | 1 |  1.7
Dodging        | 3 |  3.0
Shields        | 2 3 |  3.4
Short Blades   | |  0.1
Maces & Flails | |  3.8
Stealth        | |  1.9

Action                   |  1- 3 |  4- 6 |  7- 9 || total
-------------------------+-------+-------+-------++-------
Melee: Mace              |    42 |       |       ||    42
       War axe           |   199 |   133 |   179 ||   511
       Short sword       |    45 |       |       ||    45
Throw: Tomahawk          |    29 |    12 |     7 ||    48
       Stone             |       |     2 |       ||     2
Evoke: Wand              |       |       |    15 ||    15
  Use: Scroll            |     8 |     1 |     1 ||    10
       Potion            |       |       |     1 ||     1
  Eat: Ration            |     2 |     2 |     3 ||     7
       Chunk             |       |     1 |       ||     1
Armor: Scale mail        |    19 |       |       ||    19
       Robe              |     2 |       |       ||     2
       Chain mail        |    52 |   116 |   106 ||   274
Dodge: Dodged            |    55 |    66 |    19 ||   140
Block: Large shield      |       |     3 |   151 ||   154
